 Dungeon Crawl Stone Soup version 0.22.1-1-ga44c0e5 (webtiles) character file.

6451 whitewolfNL the Cleaver (level 10, 0/88 HPs)
             Began as a Minotaur Berserker on Oct 30, 2018.
             Was a High Priest of Trog.
             Slain by a yak (11 damage)
             ... on level 10 of the Dungeon.
             The game lasted 01:01:30 (12237 turns).

whitewolfNL the Cleaver (Minotaur Berserker)       Turns: 12237, Time: 01:01:30

Health: 0/88       AC: 17    Str: 21    XL:     10   Next: 67%
Magic:  9/9        EV: 13    Int:  5    God:    Trog [*****.]
Gold:   375        SH:  0    Dex: 13    Spells: 9/9 levels left

rFire    . . .     SeeInvis .   G - +5 trident (freeze)
rCold    . . .     Gourm    .   (no shield)
rNeg     + . .     Faith    .   z - +5 scale mail of the Ban {rN+}
rPois    .         Spirit   .   (helmet restricted)
rElec    .         Reflect  .   (no cloak)
rCorr    .         Harm     .   o - +1 pair of gloves
MR       .....                  (no boots)
Stlth    +.........             (no amulet)
HPRegen  0.24/turn              q - ring of stealth
MPRegen  0.11/turn              J - +2 ring of protection

@: berserk cooldown, slowed, very slow
A: retaliatory headbutt, horns 2
a: Berserk, Trog's Hand, Brothers in Arms, Renounce Religion


You were on level 10 of the Dungeon.
You worshipped Trog.
Trog was extremely pleased with you.
You were full.

You visited 1 branch of the dungeon, and saw 10 of its levels.

You collected 375 gold pieces.

Inventory:

Hand Weapons
 p - a +4 scimitar of freezing
 v - a +0 blowgun
 G - a +5 trident of freezing (weapon)
 K - a +0 war axe
 L - a +1 dire flail of crushing
 R - a +0 scimitar of flaming
Missiles
 b - 152 bolts
 g - 126 sling bullets
 j - 194 arrows
 m - 2 needles of confusion
 u - 48 poisoned needles
 w - a curare-tipped needle
 D - 12 tomahawks
 H - 4 javelins (quivered)
 M - 5 throwing nets
Armour
 o - a +1 pair of gloves (worn)
 z - the +5 scale mail of the Ban (worn) {rN+}
   (You found it on level 5 of the Dungeon)

   It protects you from negative energy.
 V - a -1 chain mail
Magical Staves
 T - an uncursed staff of poison
Jewellery
 q - a ring of stealth (left hand)
 F - an uncursed ring of protection from fire
 J - a +2 ring of protection (right hand)
Wands
 E - a wand of disintegration (26)
 O - a wand of scattershot (9)
 U - a wand of acid (7)
Scrolls
 a - a scroll of amnesia
 d - 4 scrolls of teleportation
 e - a scroll of fog
 t - 2 scrolls of blinking
 P - a scroll of brand weapon
Potions
 f - a potion of heal wounds
 h - a potion of invisibility {unknown}
 i - 2 potions of degeneration {unknown}
 k - a potion of cancellation {unknown}
 l - 5 potions of flight {unknown}
 n - a potion of brilliance {unknown}
 r - a potion of resistance {unknown}
 s - 4 potions of curing {unknown}
 x - a potion of ambrosia {unknown}
 A - 4 potions of mutation {unknown}
 B - a potion of magic {unknown}
 I - 2 potions of lignification {unknown}
Comestibles
 c - 4 rations


   Skills:
 + Level 8.1 Fighting
   Level 5.7(6.0) Short Blades
 - Level 2.8(4.9) Long Blades
 - Level 10.3(11.3) Axes
 - Level 2.8(7.2) Maces & Flails
 * Level 7.0(9.6) Polearms
 * Level 1.4 Throwing
 + Level 9.1 Armour
 + Level 6.0 Dodging
 - Level 1.1 Stealth


You had 9 spell levels left.
You didn't know any spells.
Your spell library was empty.

Dungeon Overview and Level Annotations

Branches:
Dungeon (10/15)            Temple (0/1) D:5
   Lair: D:8-11         Orc: D:9-12

Altars:
Dithmenos
Fedhas
Kikubaaqudgha
Okawaru
Qazlal
Sif Muna
Uskayaw
Xom
Zin
The Shining One

Shops:
D:6 (


Innate Abilities, Weirdness & Mutations

You reflexively headbutt those who attack you in melee.
You have a pair of horns on your head.


Message History

You hit the yak. You freeze the yak.
You kill the yak!
Trog accepts your kill.
Your base Polearms skill increases to level 7!
The yak closely misses you. The yak gores you.
* * * LOW HITPOINT WARNING * * *
You closely miss the yak.
The yak is moderately wounded.
The yak closely misses you. You furiously retaliate!
You headbutt the yak!
The yak gores the fungus!
You hit the yak. You freeze the yak.
The yak is severely wounded.
The yak completely misses you. The yak closely misses you. The yak gores you!
* * * LOW HITPOINT WARNING * * *
The yak gores you.
* * * LOW HITPOINT WARNING * * *
You feel much better. The yak closely misses you. The yak gores you!
* * * LOW HITPOINT WARNING * * *
The yak gores you!
You die...

..+.## ......
.P....### ....$.
Y.PP....##......
PP..P...P+....
.P...P...#..
.PPP...P.#+#
#PPP...$#
#..%PYY##
#P.PY@##
#+##.....#####
.P..PPP.†P....#
PP....P.......#
.P.P(P........+
P....PP.......#
.P..P.#.......#
+##.####+######
...


You could see 3 yaks.

Vanquished Creatures
  Harold (D:7)
  Erica (D:9)
  A hippogriff (D:7)
  Sigmund (D:2)
  3 yaks (D:10)
  A wyvern (D:8)
  A water moccasin (D:10)
  A porcupine (D:10)
  Duvessa (D:5)
  An orc warrior (D:9)
  A black bear (D:10)
  An ice beast (D:5)
  4 ogres
  A sky beast (D:5)
  2 necrophages
  A crocodile (D:10)
  5 centaurs
  An elf zombie (D:6)
  5 bullfrogs
  3 elf skeletons (D:6)
  Dowan (D:5)
  4 scorpions
  4 killer bees (D:9)
  4 wights (D:8)
  A howler monkey (D:8)
  6 crimson imps
  A jelly (D:9)
  2 orc priests (D:4)
  A bullfrog skeleton (D:8)
  2 human zombies (D:6)
  6 hounds
  6 orc wizards
  A centaur skeleton (D:6)
  3 human skeletons (D:6)
  2 iguanas
  7 worker ants
  2 hound zombies
  2 hound skeletons
  A worker ant zombie (D:6)
  8 adders
  A howler monkey skeleton (D:5)
  3 gnolls (D:7)
  2 shadow imps
  A worm (D:5)
  A dart slug (D:2)
  3 leopard geckos
  26 orcs
  5 giant cockroaches
  8 goblins
  4 hobgoblins
  16 jackals
  6 quokkas
  A ball python (D:4)
  A ball python skeleton (D:6)
  9 bats
  4 frilled lizards
  A jackal skeleton (D:4)
  8 kobolds
  2 orc skeletons (D:6)
  4 rats (D:3)
  A plant (D:4)
207 creatures vanquished.

Vanquished Creatures (others)
  4 fungi (D:10)
4 creatures vanquished.

Grand Total: 211 creatures vanquished

Notes
Turn   | Place    | Note
-------+----------+-------------------------------------------
     0 | D:1      | whitewolfNL the Minotaur Berserker began the quest for the
                  | Orb.
     0 | D:1      | Reached XP level 1. HP: 19/19 MP: 0/0
   271 | D:1      | Reached skill level 4 in Axes
   272 | D:1      | Reached XP level 2. HP: 27/27 MP: 1/1
  1094 | D:2      | Reached XP level 3. HP: 33/33 MP: 2/2
  1491 | D:2      | Noticed Sigmund
  1513 | D:2      | Killed Sigmund
  1513 | D:2      | Reached skill level 6 in Axes
  1513 | D:2      | Reached XP level 4. HP: 12/41 MP: 3/3
  1513 | D:2      | Reached XP level 5. HP: 14/47 MP: 4/4
  1517 | D:2      | Reached ** piety under Trog
  3149 | D:3      | Found a glowing silver altar of Zin.
  3538 | D:3      | Reached XP level 6. HP: 53/53 MP: 5/5
  4102 | D:4      | Reached skill level 7 in Axes
  4549 | D:4      | Found a glowing golden altar of the Shining One.
  4930 | D:4      | Reached skill level 1 in Short Blades
  4930 | D:4      | Reached skill level 5 in Armour
  4930 | D:4      | Reached XP level 7. HP: 25/60 MP: 6/6
  5231 | D:4      | Reached skill level 5 in Fighting
  5533 | D:5      | Entered Level 5 of the Dungeon
  5548 | D:5      | Got a bronze scale mail
  5596 | D:5      | Noticed Dowan
  5596 | D:5      | Noticed Duvessa
  5607 | D:5      | Killed Duvessa
  5614 | D:5      | Killed Dowan
  5614 | D:5      | Reached *** piety under Trog
  5924 | D:5      | Identified the +5 scale mail of the Ban {rN+} (You found it
                  | on level 5 of the Dungeon)
  5972 | D:5      | Found an iron altar of Okawaru.
  5981 | D:5      | Reached XP level 8. HP: 70/70 MP: 7/7
  6181 | D:5      | Found a staircase to the Ecumenical Temple.
  6258 | D:5      | Reached skill level 5 in Short Blades
  6521 | D:5      | Found an ancient bone altar of Kikubaaqudgha.
  6629 | D:5      | Found a blossoming altar of Fedhas.
  6689 | D:5      | Found a shimmering altar of Xom.
  7277 | D:6      | Reached skill level 1 in Long Blades
  7749 | D:6      | Found Eshafy's Antique Weapon Shop.
  7753 | D:6      | Reached XP level 9. HP: 38/77 MP: 8/8
  8014 | D:6      | Found a stormy altar of Qazlal.
  8117 | D:6      | Reached skill level 8 in Axes
  8499 | D:7      | Noticed Harold
  8515 | D:7      | Killed Harold
  8515 | D:7      | Reached **** piety under Trog
  8515 | D:7      | Reached skill level 10 in Axes
  8799 | D:7      | Reached skill level 1 in Maces & Flails
  8799 | D:7      | Reached skill level 5 in Dodging
  8819 | D:7      | Found a shadowy altar of Dithmenos.
  8819 | D:7      | Found a deep blue altar of Sif Muna.
  9828 | D:8      | Reached XP level 10. HP: 85/85 MP: 9/9
  9869 | D:8      | Reached skill level 1 in Polearms
  9970 | D:8      | Reached skill level 1 in Stealth
 11111 | D:9      | Noticed a dagger
 11111 | D:9      | Noticed a hand axe
 11409 | D:9      | Noticed Erica
 11423 | D:9      | Killed Erica
 11423 | D:9      | Reached skill level 5 in Polearms
 11489 | D:9      | Found a hide-covered altar of Uskayaw.
 12186 | D:10     | Entered Level 10 of the Dungeon
 12198 | D:10     | Reached ***** piety under Trog
 12217 | D:10     | Reached skill level 1 in Throwing
 12237 | D:10     | Slain by a yak

Skill      XL: |  1  2  3  4  5  6  7  8  9 10 |
---------------+-------------------------------+-----
Axes           | 4 6 7 10 | 10.3
Fighting       | 4 5 6 7 8 |  8.1
Armour         | 3 4 5 6 7 8 9 |  9.1
Dodging        | 3 5 6 |  6.0
Short Blades   | 1 3 5 |  5.7
Long Blades    | 2 |  2.8
Maces & Flails | 2 |  2.8
Polearms       | 7 |  7.0
Stealth        | 1 |  1.1
Throwing       | 1 |  1.4

Action                   |  1- 3 |  4- 6 |  7- 9 | 10-12 || total
-------------------------+-------+-------+-------+-------++-------
Melee: Hand axe          |    89 |    87 |       |       ||   176
       Headbutt          |    16 |    24 |    64 |    18 ||   122
       Rapier            |       |    32 |    86 |       ||   118
       Long sword        |       |       |    38 |       ||    38
       War axe           |       |       |   112 |       ||   112
       Dire flail        |       |       |    41 |       ||    41
       Trident           |       |       |       |   117 ||   117
Throw: Javelin           |       |       |       |     3 ||     3
Invok: Berserk           |       |     4 |     9 |     4 ||    17
  Use: Scroll            |       |     7 |     4 |     6 ||    17
       Potion            |       |     1 |       |     1 ||     2
  Eat: Chunk             |     1 |     7 |    10 |     3 ||    21
       Ration            |       |     2 |     4 |     4 ||    10
Armor: Chain mail        |    49 |    50 |    14 |       ||   113
       Scale mail        |       |       |   121 |    53 ||   174
Dodge: Dodged            |    54 |    57 |   162 |    88 ||   361
       Rpst.: Long sword |       |       |     8 |       ||     8
